 Dungeon Crawl Stone Soup version 0.30-a0-1160-g6e42c06551 (webtiles) character file.

Game seed: 14039985208274820544

2164 freelancePsychic the Trooper (level 9, -24/75 HPs)
             Began as an Armataur Brigand on Apr 25, 2023.
             Was a Follower of Hepliaklqana.
             Killed from afar by an acid dragon (33 damage)
             ... with a splash of acid
             ... on level 8 of the Dungeon.
             The game lasted 00:12:17 (6937 turns).

freelancePsychic the Trooper (Armataur Brigand)     Turns: 6937, Time: 00:12:18

Health: -24/75     AC:  2    Str: 18    XL:     9   Next: 10%
Magic:  9/9        EV: 14    Int: 13    God:    Hepliaklqana [*.....]
Gold:   324        SH:  4    Dex: 13    Spells: 8/8 levels left

rFire   . . .        b - +3 dagger (venom)
rCold   . . .        u - +0 buckler
rNeg    . . .        j - +0 robe
rPois   .            m - +0 helmet
rElec   .            c - +0 cloak
rCorr   .            (no gloves)
SInv    .            (no barding)
Will    .....        (no amulet)
Stlth   +++          k - +5 ring of evasion
HPRegen 0.32/turn    (no ring)
MPRegen 0.11/turn

%: roll
@: corroded
A: reduced essence, large, rugged brown scales 3, deformed body, armoured tail,
roll, long tongue, awkward tongue
a: Renounce Religion, Recall Ancestor, Ancestor Identity


You were on level 8 of the Dungeon.
You worshipped Hepliaklqana.
Hepliaklqana was aware of your devotion.
You visited 2 branches of the dungeon, and saw 9 of its levels.

You collected 396 gold pieces.
You spent 72 gold pieces at shops.

Inventory:

Hand Weapons
 a - a +1 heavy flail
 b - a +3 dagger of venom (weapon)
Missiles
 d - 32 poisoned darts
 e - 6 curare-tipped darts (quivered)
 y - 4 silver javelins
Armour
 c - a +0 cloak (worn)
 j - a +0 robe (worn)
 m - a +0 helmet (worn)
 u - a +0 buckler (worn)
 C - an orb of wrath
Jewellery
 k - a +5 ring of evasion (left hand)
Scrolls
 h - 2 scrolls of enchant armour
 l - a scroll of teleportation {@r4}
 p - 2 scrolls of amnesia
 q - a scroll of fog
 r - a scroll of poison
 x - a scroll of silence
 A - a scroll of fear
 B - a scroll of immolation {unknown}
 D - a scroll of butterflies {unknown}
Potions
 f - a potion of invisibility {unknown}
 g - 2 potions of lignification {unknown}
 i - 2 potions of magic
 n - 2 potions of flight
 o - 5 potions of heal wounds {unknown}
 s - a potion of attraction {unknown}
 t - a potion of resistance {unknown}
 v - 2 potions of haste {unknown}
 w - 3 potions of mutation {unknown}
 z - a potion of brilliance {unknown}


   Skills:
 + Level 6.8 Fighting
 - Level 4.8 Short Blades
 * Level 6.5 Maces & Flails
 - Level 1.7 Throwing
 - Level 0.6 Dodging
 - Level 6.0 Stealth
 + Level 1.5 Shields


You had 8 spell levels left.
You didn't know any spells.
Your spell library contained the following spells:

 Spells                   Type           Power      Damage    Failure   Level
 Kiss of Death            Conj/Necr      0%         2d5       36%         1
 Sandblast                Erth           0%         2d4       36%         1
 Ensorcelled Hibernation  Hex/Ice        0%         N/A       52%         2
 Passwall                 Tmut/Erth      0%         N/A       52%         2
 Confusing Touch          Hex            0%         N/A       75%         3
 Frozen Ramparts          Ice            0%         1d1       75%         3
 Spider Form              Tmut/Pois      0%         N/A       75%         3
 Stone Arrow              Conj/Erth      0%         3d7       75%         3
 Anguish                  Hex/Necr       0%         N/A       98%         4
 Dispel Undead            Necr           0%         3d6       98%         4
 Ice Form                 Ice/Tmut       0%         N/A       98%         4
 Summon Ice Beast         Ice/Summ       0%         N/A       98%         4


Dungeon Overview and Level Annotations

Branches:
Dungeon (8/15)             Temple (1/1) D:4
   Lair: D:8-11

Altars:
Ashenzari
Cheibriados
Elyvilon
Fedhas
Gozag
Hepliaklqana
Kikubaaqudgha
Makhleb
Nemelex Xobeh
Okawaru
Qazlal
Ru
Trog
Uskayaw
Vehumet
Wu Jian
Xom
Yredelemnul
Zin
The Shining One

Shops:
D:2 [*[*(

Annotations:
D:5 exclusion: jelly


Innate Abilities, Weirdness & Mutations

Your life essence is reduced to manifest your ancestor. (-10% HP)
You are completely covered in rugged brown scales. (AC +3, +7% HP)
Armour fits poorly on your strangely shaped body.
You have a long armoured tail.
You roll when moving toward enemies. (Rampage)
Your long tongue fully drains potion bottles. (2x potion effects)
Your tongue gives you trouble enunciating. (1.5x scroll delay)


Message History

The howler monkey attacks as you move away!
The howler monkey hits you.
The acid dragon attacks as you move away!
The acid dragon misses you. x2
The howler monkey hoots and howls with incredible vigour!
You hear a loud, deep croak!
The wight attacks as you move away! You block the wight's attack.
The acid dragon attacks as you move away!
The acid dragon barely misses you.
The acid dragon claws you but does no damage.
Your surroundings suddenly seem different.
Found a dagger.
Iltani emerges from the mists of memory!
An acid dragon is nearby!
The acid dragon spits acid at you.
The splash of acid hits Iltani!!
The acid corrodes Iltani!
Iltani barely misses the acid dragon.
The acid dragon completely misses you. You block the acid dragon's attack.
Iltani hits the acid dragon but does no damage.
You hit the acid dragon but do no damage.
You tail-slap the acid dragon.
The acid dragon is lightly wounded.
The acid dragon closely misses you. The acid dragon misses you.
You hit the acid dragon.
The acid dragon is moderately wounded.
Iltani misses the acid dragon.
The acid dragon bites you. The acid dragon closely misses you.
You barely miss the acid dragon.
The acid dragon is moderately wounded.
Iltani hits the acid dragon.
The acid dragon spits acid at you. The splash of acid hits you!!!
* * * LOW HITPOINT WARNING * * *
The acid corrodes you!
It was a potion of magic.
Magic courses through your body.
You slurp down every last drop of the potion of magic!
Iltani hits the acid dragon.
The acid dragon spits acid at you. The splash of acid hits you!!
You die...

######
##....#
.)....#
.....#
##....#
##.....#
#.D@...#
#.#R...# #.
#....# #.
###### #
#..######
#.........
#.........
###.........


You could see the friendly Iltani the ancestor (corroded) and an acid dragon
(catching breath, ally target).

Vanquished Creatures
  A wyvern (D:8)
  A water moccasin (D:6)
  An orc warrior (D:8)
  A sky beast (D:7)
  A black bear (D:5)
  3 ogres
  A phantom (D:5)
  2 kobold brigands
  3 bullfrogs
  A gnoll sergeant (D:7)
  2 scorpions
  A jelly (D:5)
  5 howler monkeys
  3 hounds
  An orc priest (D:7)
  2 sleepcaps
  Jessica (D:2)
  Natasha (D:2)
  An iguana (D:4)
  2 gnolls (D:7)
  5 adders
  3 white imps
  2 ufetubi
  2 worms
  3 dart slugs
  9 orcs
  5 ball pythons
  3 endoplasms
  3 giant cockroaches
  3 goblins
  A hobgoblin (D:1)
  17 kobolds
  4 quokkas
  3 bats
  A frilled lizard (D:3)
  3 rats
101 creatures vanquished.

Vanquished Creatures (collateral kills)
  A steam dragon (D:7)
  2 gnolls (D:7)
  A white imp (D:8)
  An orc (D:8)
  A kobold (D:8)
6 creatures vanquished.

Vanquished Creatures (others)
  An ancestor (D:8)
  2 plants (D:1)
3 creatures vanquished.

Grand Total: 110 creatures vanquished

Notes
Turn   | Place    | Note
-------+----------+-------------------------------------------
     0 | D:1      | freelancePsychic the Armataur Brigand began the quest for
                  | the Orb.
     0 | D:1      | Reached XP level 1. HP: 18/18 MP: 1/1
   263 | D:1      | Reached XP level 2. HP: 21/25 MP: 2/2
   957 | D:2      | Reached XP level 3. HP: 32/32 MP: 3/3
  1007 | D:2      | Found Dyip's General Store.
  1228 | D:2      | Reached skill level 5 in Stealth
  1378 | D:2      | Noticed Jessica
  1382 | D:2      | Killed Jessica
  1383 | D:2      | Reached XP level 4. HP: 39/39 MP: 4/4
  1477 | D:2      | Found Reappiargh's Armour Boutique.
  1560 | D:2      | Found Duyluru's Antique Armour Shop.
  1620 | D:2      | Found Wyan's Weapon Shop.
  1626 | D:2      | Bought 5 curare-tipped darts for 72 gold pieces
  1642 | D:2      | Noticed Natasha
  1653 | D:2      | Killed Natasha
  1872 | D:2      | Found Deiwargh's Assorted Antiques.
  2179 | D:3      | Found an ornate altar of the Wu Jian Council.
  2623 | D:4      | You fall into a shaft and drop 1 floor!
  2623 | D:5      | Entered Level 5 of the Dungeon
  2644 | D:5      | Reached XP level 5. HP: 48/48 MP: 5/5
  2727 | D:5      | Noticed an ogre
  2738 | D:5      | Killed an ogre
  2773 | D:5      | Noticed a black bear
  2922 | D:5      | Noticed an ogre
  2934 | D:5      | Killed an ogre
  2935 | D:5      | Reached XP level 6. HP: 52/55 MP: 6/6
  3120 | D:5      | Reached XP level 7. HP: 58/64 MP: 7/7
  3681 | D:4      | Found a staircase to the Ecumenical Temple.
  3696 | Temple   | Entered the Ecumenical Temple
  3942 | Temple   | Became a worshipper of Hepliaklqana the Forgotten
  3995 | D:4      | Found a white marble altar of Elyvilon.
  4098 | D:4      | Reached skill level 1 in Maces & Flails
  4204 | D:4      | Found a broken altar of Ashenzari.
  4225 | D:4      | Found a glowing golden altar of the Shining One.
  4332 | D:4      | Reached skill level 5 in Fighting
  4880 | D:6      | Reached XP level 8. HP: 73/73 MP: 8/8
  5303 | D:6      | Found an opulent altar of Gozag.
  5331 | D:6      | Reached * piety under Hepliaklqana
  5727 | D:7      | Found a snail-covered altar of Cheibriados.
  5907 | D:7      | Reached skill level 5 in Maces & Flails
  6589 | D:8      | Found a blossoming altar of Fedhas.
  6764 | D:8      | Reached skill level 1 in Shields
  6764 | D:8      | Reached XP level 9. HP: 54/75 MP: 9/9
  6937 | D:8      | Killed from afar by an acid dragon

Illustrated notes

Levels and vault maps discovered:
D:1:      minmay_arrival_three_doors, layout_loops_cross, serial_forest,
          infiniplex_forest_clump_cross, infiniplex_forest_3_way,
          infiniplex_forest_straight_1, infiniplex_forest_zigzag_1,
          infiniplex_forest_corner_1, infiniplex_forest_straight_3,
          infiniplex_forest_lined_1, infiniplex_forest_side_room
D:2:      layout_basic, serial_shops, shop_fountains, shop,
          nicolae_shop_just_a_little_nook, nicolae_lakefront_shop, shop,
          uniq_natasha, uniq_jessica
D:3:      layout_basic, nicolae_wu_jian_immortal_techniques,
          nicolae_underground_beach
D:4:      layout_rooms, elyvilon_altar_5, mainiacjoe_overflow_six_doors_small,
          mainiacjoe_overflow_boulevard, temple_statues, minmay_misc_feat_x,
          grunt_decor_mini_mirrors, amcnicky_mini_pool_small,
          chequers_serial_rivers_micro_e
D:5:      layout_gridville, chequers_serial_rivers_micro_d
D:6:      layout_basic, kennysheep_little_box
D:7:      nicolae_cairo_tiling, layout_rooms, kennysheep_mini_moat
D:8:      layout_rooms, mainiacjoe_overflow_catwalk
Temple:   nicolae_temple_figure_eight

Skill      XL: |  1  2  3  4  5  6  7  8 |
---------------+-------------------------+-----
Fighting       | 2 3 4 5 6 |  6.8
Short Blades   | 2 3 4 |  4.8
Stealth        | 5 6 |  6.0
Maces & Flails | 3 6 |  6.5
Shields        | 1 |  1.5
Throwing       | |  1.7
Dodging        | |  0.6

Action                     |  1- 3 |  4- 6 |  7- 9 || total
---------------------------+-------+-------+-------++-------
  Melee: Dagger            |    64 |    75 |   203 ||   342
         Tailslap          |     1 |     9 |    39 ||    49
         Punch             |     1 |       |     2 ||     3
  Throw: Dart              |       |    13 |    14 ||    27
 Invoke: Recall Ancestor   |       |       |     1 ||     1
         Ancestor Identity |       |       |     1 ||     1
    Use: Scroll            |     3 |     6 |     3 ||    12
         Potion            |       |       |     1 ||     1
   Stab: Sleeping          |    14 |     4 |     9 ||    27
 Armour: Robe              |    12 |    23 |    26 ||    61
  Dodge: Dodged            |    18 |    33 |   103 ||   154
  Block: Buckler           |       |       |    11 ||    11

Table legend: (Time is in decaauts)
 A = Elapsed time spent in this place.
 B = Non-inter-level travel time spent in this place.
 C = Inter-level travel time spent in this place.
 D = Time resting spent in this place.
 E = Time spent auto-exploring this place.
 F = Levels seen in this place.
 G = Mean time per level.
                   A        B        C        D        E       F      G
               +--------+--------+--------+--------+--------+-----+--------+
         Total |   6872 |   6386 |    486 |    102 |   5409 |   9 |  763.6 |
       Dungeon |   6589 |   6140 |    449 |    102 |   5203 |   8 |  823.6 |
        Temple |    282 |    246 |     36 |      0 |    206 |   1 |  282.0 |
               +--------+--------+--------+--------+--------+-----+--------+

Top non-repeatable levels by time:
     D:2: 1308 daAuts
     D:6: 1082 daAuts
     D:5: 1060 daAuts
     D:7: 887 daAuts
     D:1: 869 daAuts
     D:3: 558 daAuts
     D:4: 479 daAuts
     D:8: 343 daAuts
  Temple: 282 daAuts
